 Dungeon Crawl Stone Soup version 0.31-a0-345-g1ebeae05c6 (webtiles) character file.

Game seed: 16729758942741098713

79 LeprechaunX the Ruffian (level 4, -9/29 HPs)
             Began as an Octopode Shapeshifter on July 22, 2023.
             Mangled by a gnoll
             ... wielding a +0 halberd
              (12 damage)
             ... on level 2 of the Dungeon.
             The game lasted 00:02:23 (1477 turns).

LeprechaunX the Ruffian (Octopode Shapeshifter)     Turns: 1477, Time: 00:02:24

Health: -9/29      AC:  1    Str: 16    XL:     4   Next: 37%
Magic:  4/4        EV: 13    Int: 10    God:
Gold:   80         SH:  0    Dex: 12    Spells: 3/3 levels left

rFire   . .          .
                       - Unarmed
rCold   . . .        (no shield)
rNeg    . . .        (helmet currently unavailable)
rPois   .            (no amulet)
rElec   .            (no ring)
rCorr   .            (no ring)
SInv    .            (no ring)
Will    .....        (no ring)
Stlth   ++           (no ring)
HPRegen 0.24/turn    (no ring)
MPRegen 0.09/turn    (no ring)
                     (no ring)

%: no passive effects
@: beast-form
A: beast (slay +2), almost no armour, amphibious, 8 rings, camouflage 1,
gelatinous body 1, (nimble swimmer 1), tentacles
a: Begin Untransformation


You were on level 2 of the Dungeon.
You were a hulking beast.
You visited 1 branch of the dungeon, and saw 2 of its levels.

You collected 80 gold pieces.

Inventory:

Missiles
 h - 6 javelins
Talismans
 b - a beast talisman
Scrolls
 d - a scroll of noise {unknown}
 e - 2 scrolls of identify {unknown}
 f - a scroll of enchant weapon {unknown}
 g - a scroll of teleportation {unknown}
Potions
 a - 2 potions of lignification
 c - a potion of brilliance {unknown}
 i - a potion of curing {unknown}


   Skills:
 + Level 1.9 Fighting
 + Level 2.6 Dodging
 * Level 3.9 Unarmed Combat
 + Level 3.3 Shapeshifting


You had 3 spell levels left.
You didn't know any spells.
Your spell library contained the following spells:

 Spells                   Type           Power      Damage    Failure   Level
 Cigotuvi's Dreadful Rot  Necr/Pois/Air  0%         N/A       50%         2
 Ignite Poison            Fire/Tmut/Pois 0%         N/A       75%         3
 Freezing Cloud           Conj/Ice/Air   0%         6-21      100%        5


Dungeon Overview and Level Annotations

Branches:
Dungeon (2/15)

Altars:


Innate Abilities, Weirdness & Mutations

You are a hulking beast.
Your limbs bulge with bestial killing power. (Slay +2)
You cannot wear most types of armour.
You are amphibious.
You can wear up to eight rings at the same time.
Your skin changes colour to match your surroundings (Stealth+).
Your rubbery body absorbs attacks. (AC +1, EV +1)
((You are camouflaged when in or above water. (Stealth+)))
You have tentacles for arms and can constrict up to eight enemies at once.


Message History

You constrict the gnoll. The gnoll hits you with a +0 club.
The gnoll barely misses you.
You tentacle-slap the gnoll but do no damage.
You tentacle-slap the gnoll.
The gnoll is severely wounded.
You constrict the gnoll. The gnoll hits you with a +0 club.
The gnoll barely misses you.
You tentacle-slap the gnoll.
You kill the gnoll!
The gnoll barely misses you.
A gnoll comes into view. It is wielding a +0 spear.
The gnoll hits you with a +0 halberd!
The gnoll hits you from afar with a +0 spear!
* * * LOW HITPOINT WARNING * * *
You see here a +0 club.
You are too injured to fight recklessly!
You are too injured to fight recklessly!
You are too injured to fight recklessly!
You are too injured to fight recklessly!
You are too injured to fight recklessly!
You are too injured to fight recklessly!
You are too injured to fight recklessly!
You are too injured to fight recklessly!
You are too injured to fight recklessly!
You are too injured to fight recklessly!
You are too injured to fight recklessly!
You are too injured to fight recklessly!
You are too injured to fight recklessly!
You are too injured to fight recklessly!
You are too injured to fight recklessly!
You are too injured to fight recklessly!
You are too injured to fight recklessly!
You are too injured to fight recklessly!
You are too injured to fight recklessly!
You are too injured to fight recklessly!
You are too injured to fight recklessly!
You barely miss the gnoll. You grab the gnoll.
You constrict the gnoll, but do no damage.
The gnoll hits you with a +0 halberd!
You die...

#.# ##.##
###########...#
#.........[...#
#.##..........#
#.##.######.###
#.##.# #.#
#.##.# #.#
#h##.# #.#
#....gg...<...#
#.#
#######.##.##.#
#.# #.##.#
#.##.# #.# #>#
#..


You could see 2 gnolls.

Vanquished Creatures
  2 adders (D:2)
  A gnoll (D:2)
  A dart slug (D:2)
  4 ball pythons
  7 bats
  7 endoplasms
  4 giant cockroaches
  4 goblins
  5 hobgoblins
  A jackal (D:1)
  3 kobolds (D:1)
  3 quokkas
  2 rats (D:1)
44 creatures vanquished.

Notes
Turn   | Place    | Note
-------+----------+-------------------------------------------
     0 | D:1      | LeprechaunX the Octopode Shapeshifter began the quest for
                  | the Orb.
     0 | D:1      | Reached XP level 1. HP: 13/13 MP: 1/1
    36 | D:1      | Reached XP level 2. HP: 3/18 MP: 2/2
   487 | D:1      | Reached XP level 3. HP: 18/23 MP: 3/3
   743 | D:1      | Found a faded altar of an unknown god.
  1218 | D:2      | Reached XP level 4. HP: 27/29 MP: 4/4
  1477 | D:2      | Mangled by a gnoll

Illustrated notes

Levels and vault maps discovered:
D:1:      ebering_hopf_link, layout_basic, chequers_ecumenical_altar_grove,
          hangedman_feature_mirror, ebering_dispersal_statue_hall
D:2:      layout_loops_ring, hangedman_abyss_or_decor_lesser_grid

Action                     |  1- 3 |  4- 6 || total
---------------------------+-------+-------++-------
  Melee: Unarmed           |    69 |    10 ||    79
         Constrict         |    20 |     3 ||    23
         Tentacles         |     9 |     2 ||    11
         Punch             |       |     1 ||     1
   Stab: Sleeping          |     5 |     1 ||     6
 Armour: Skin              |     6 |       ||     6
  Dodge: Dodged            |    37 |     6 ||    43

Table legend: (Time is in decaauts)
 A = Elapsed time spent in this place.
 B = Non-inter-level travel time spent in this place.
 C = Inter-level travel time spent in this place.
 D = Time resting spent in this place.
 E = Time spent auto-exploring this place.
 F = Levels seen in this place.
 G = Mean time per level.
                   A        B        C        D        E       F      G
               +--------+--------+--------+--------+--------+-----+--------+
         Total |   1472 |   1455 |     17 |    162 |   1030 |   2 |  736.0 |
       Dungeon |   1472 |   1455 |     17 |    162 |   1030 |   2 |  736.0 |
               +--------+--------+--------+--------+--------+-----+--------+

Top non-repeatable levels by time:
     D:1: 1067 daAuts
     D:2: 404 daAuts
